 Dungeon Crawl Stone Soup version 0.16.1-11-g651b585 (webtiles) character file.

17 Ryushun the Grave Robber (level 2, -2/19 HPs)
             Began as a Human Necromancer on Mar 30, 2015.
             Slain by a hobgoblin
             ... wielding a +0 spear
              (7 damage)
             ... on level 1 of the Dungeon.
             The game lasted 00:07:47 (1148 turns).

Ryushun the Grave Robber (Human Necromancer)        Turns: 1148, Time: 00:07:47

Health: -2/19      AC:  2    Str:  8    XL:     2   Next: 80%
Magic:  4/4        EV: 12    Int: 15    God:
Gold:   14         SH:  0    Dex: 13    Spells: 2 memorised, 3 levels left

rFire  . . .     SeeInvis .     (no weapon)
rCold  . . .     Clarity  .     a - +0 robe
rNeg   . . .     SustAb   .     (no shield)
rPois  .         Gourm    .     (no helmet)
rElec  .         Spirit   .     (no cloak)
rCorr  .         Warding  .     (no gloves)
rMut   .         Stasis   +     (no boots)
MR     .....                    l - amulet of stasis
Stlth  ++........               (no ring)
                                (no ring)

@: not resistant to hostile enchantments, unstealthy
A: no striking features
a: no special abilities


You were on level 1 of the Dungeon.
You were very hungry.

You visited 1 branch of the dungeon, and saw 1 of its levels.

You collected 14 gold pieces.

Inventory:

Hand weapons
 h - a +0 mace
Armour
 a - a +0 robe (worn)
 i - a +0 ring mail
Jewellery
 l - an amulet of stasis (around neck)
Scrolls
 e - 2 scrolls of remove curse {unknown}
 g - 3 scrolls of blinking
 j - 2 scrolls of identify {unknown}
 k - a scroll of teleportation {unknown}
Potions
 f - a potion of heal wounds {unknown}
Books
 b - a book of Necromancy

   Spells                             Type                      Level
   a - Pain                           Necromancy                   1
   b - Animate Skeleton               Necromancy                   1
   c - Vampiric Draining              Necromancy                   3
   d - Regeneration                   Charms/Necromancy            3
   e - Animate Dead                   Necromancy                   4
   f - Control Undead                 Necromancy                   4
Comestibles
 c - a bread ration
 d - 2 chunks of flesh


   Skills:
 * Level 2.2 Dodging
 * Level 2.1 Stealth
 * Level 0.4 Unarmed Combat
 * Level 2.2 Spellcasting
 + Level 4.2 Necromancy


You had 3 spell levels left.
You knew the following spells:

 Your Spells              Type           Power        Failure   Level  Hunger
a - Pain                  Necr           ##..         4%          1    #......
b - Animate Skeleton      Necr           N/A          4%          1    #......


Dungeon Overview and Level Annotations

Branches:
Dungeon (1/15)

Altars:


Message History

You see here a stone.
The hobgoblin misses you.
The hobgoblin hits you from afar with a spear!
Your bat skeleton hits the hobgoblin but does no damage.
The hobgoblin hits your bat skeleton with a spear.
Your bat skeleton is destroyed!
The hobgoblin shouts!
The hobgoblin hits you with a spear.
You barely miss the hobgoblin. The hobgoblin hits you with a spear.
You barely miss the hobgoblin. The hobgoblin barely misses you.
You closely miss the hobgoblin. The hobgoblin closely misses you.
You closely miss the hobgoblin. The hobgoblin hits you with a spear.
* * * LOW HITPOINT WARNING * * *
Your jackal skeleton barely misses the hobgoblin.
Your rat skeleton bites the hobgoblin.
You hit the hobgoblin.
The hobgoblin is moderately wounded.
Your jackal skeleton bites the hobgoblin but does no damage.
The hobgoblin hits you with a spear!
You die...

#.# #.# #.Z# #.# #Z#
##.# #### #Z## #Z#
...# #..# #Z#
.⌠.#### ##.# #(####
...##.# #.# #Z...#
...'..# #Z## #Z.#.#
...#..# #..###ZZ# #
.⌠.##...###....g@#.#
Z..##.### #.####.#.#
#####.# #..##..>.#
#####.### #..#...#.#
ZZ......# #.....##.#
###.#.#.###.###.# #
#.#..Z)...# #.#
#.###Z###.....#
#.......#.#####


You could see a hobgoblin, 2 friendly rat skeletons, 2 friendly jackal
skeletons, 2 friendly hobgoblin skeletons and a friendly kobold skeleton.

Vanquished Creatures
  A goblin (D:1)
  2 hobgoblins (D:1)
  4 jackals (D:1)
  3 kobolds (D:1)
  A bat (D:1)
  3 rats (D:1)
14 creatures vanquished.

Vanquished Creatures (collateral kills)
  A giant cockroach (D:1)
  2 hobgoblins (D:1)
  A rat (D:1)
4 creatures vanquished.

Vanquished Creatures (others)
  A bat skeleton (D:1)
1 creature vanquished.

Grand Total: 19 creatures vanquished

Notes
Turn   | Place    | Note
--------------------------------------------------------------
     0 | D:1      | Ryushun, the Human Necromancer, began the quest for the Orb.
     0 | D:1      | Reached XP level 1. HP: 13/13 MP: 3/3
     3 | D:1      | Learned a level 1 spell: Animate Skeleton
   359 | D:1      | Reached XP level 2. HP: 14/19 MP: 0/4
  1148 | D:1      | Slain by a hobgoblin

Action                   || total
-------------------------++-------
Melee: Unarmed           ||    66
 Cast: Pain              ||    10
       Animate Skeleton  ||    10
  Use: Scroll            ||     1
